 Dungeon Sprint DCSS version 0.18-a0-1300-g6e8322c (webtiles) character file.

63389 Kidiri the Unseen (level 13, -9/69 HPs)
             Began as a Spriggan Enchanter on Feb 11, 2016.
             Was the Champion of Dithmenos.
             Killed from afar by a Brimstone Fiend (26 damage)
             ... with a blast of hellfire
             ... summoned by a deep elf demonologist
             ... in the Dungeon (Sprint III: "The Ten Rune Challenge").
             The game lasted 00:28:01 (5070 turns).

Kidiri the Unseen (Spriggan Enchanter)              Turns: 5070, Time: 00:28:02

Health: -9/69      AC:  6    Str:  4    XL:     13   Next: 47%
Magic:  17/34      EV: 35    Int: 19    God:    Dithmenos [******]
Gold:   982        SH:  0    Dex: 19    Spells: 11 memorised, 1 level left

rFire  . . .     SeeInvis +     a - +1 dagger
rCold  . . .     Gourm    .     t - +2 robe {rN+}
rNeg   + . .     Faith    .     (shield restricted)
rPois  .         Spirit   .     h - +1 hat {MR+}
rElec  .         Dismiss  .     (no cloak)
rCorr  .         Reflect  .     (gloves unavailable)
SustAt .         Harm     .     (boots unavailable)
MR     +++..     NoTele   +     (no amulet)
Stlth  +++++++++.               (no ring)
                                d - ring of wizardry

@: wreathed by umbra, very quick, extremely resistant to hostile enchantments,
incredibly stealthy
A: unfitting armour, molten scales 1, see invisible, herbivore 3, speed 3, slow
metabolism 2, evolution 1
a: Shadow Step, Shadow Form, Renounce Religion
}: 2/10 runes: decaying, barnacled


You were in the Dungeon.
You worshipped Dithmenos.
Dithmenos was exalted by your worship.
You were not hungry.

You visited 1 branch You collected 3604 gold pieces.
You spent 2622 gold pieces at shops.

Inventory:

Hand Weapons
 a - a +1 dagger (weapon)
Armour
 h - a +1 hat of magic resistance (worn)
 t - a +2 robe of positive energy (worn)
Jewellery
 d - a ring of wizardry (left hand)
Scrolls
 j - a scroll of blinking
 k - 3 scrolls of identify
 m - a scroll of holy word
 o - 3 scrolls of remove curse
Potions
 b - a potion of magic
 e - 5 potions of curing
 g - a potion of haste
 i - a potion of berserk rage
 l - 2 potions of might
 p - 4 potions of flight
 r - a potion of invisibility
Books
 n - a book of Minor Magic

   Spells                             Type                      Level
   a - Magic Dart                     Conjuration                  1
   b - Blink                          Translocation                2
   c - Call Imp                       Summoning                    2
   d - Repel Missiles                 Charms/Air                   2
   e - Slow                           Hexes                        2
   f - Conjure Flame                  Conjuration/Fire             3
   g - Mephitic Cloud                 Conjuration/Poison/Air       3
 s - a book of the Tempests

   Spells                             Type                      Level
   a - Static Discharge               Conjuration/Air              3
   b - Lightning Bolt                 Conjuration/Air              5
   c - Fireball                       Conjuration/Fire             5
   d - Tornado                        Air                          9
   e - Shatter                        Earth                        9
Comestibles
 c - 6 fruits
 q - 24 royal jellies


   Skills:
 + Level 8.6 Fighting
 * Level 15.0 Short Blades
 + Level 7.8 Armour
 * Level 18.9 Dodging
 * Level 20.4 Stealth
 * Level 16.5 Spellcasting
 + Level 7.8 Conjurations
 + Level 12.6 Hexes
 + Level 8.5 Ice Magic
 + Level 1.2 Air Magic
 + Level 8.6 Earth Magic
 + Level 1.6 Poison Magic
 - Level 2.6 Invocations


You had one spell level left.
You knew the following spells:

 Your Spells              Type           Power        Failure   Level  Hunger
a - Corona                Hex            ######.      1%          1    None
b - Ensorcelled Hibernat  Hex/Ice        ######       1%          2    None
c - Confuse               Hex            ######..     1%          3    None
d - Tukima's Dance        Hex            ######..     1%          3    None
e - Dazzling Spray        Conj/Hex       ######..     1%          3    None
f - Iron Shot             Conj/Erth      #####.....   10%         6    #####..
g - Shatter               Erth           #####.....   100%        9    #######
h - Darkness              Hex            ######....   1%          6    #####..
i - Mass Confusion        Hex            ######....   1%          6    #####..
j - Slow                  Hex            ######..     1%          2    None
k - Mephitic Cloud        Conj/Pois/Air  ####....     1%          3    None


Dungeon Overview and Level Annotations

Branches:
Dungeon (1/1)

Altars:
Cheibriados
Dithmenos
Elyvilon
Fedhas
Gozag
Kikubaaqudgha
Makhleb
Nemelex Xobeh
Okawaru
Pakellas
Qazlal
Ru
Sif Muna
Trog
Vehumet
Xom
Yredelemnul
Zin
The Shining One
Jiyva
Lugonu

Shops:
D (?:!(:%


Innate Abilities, Weirdness & Mutations

You are tiny and cannot use many weapons and most armour.
You have supernaturally acute eyesight.
You are a herbivore.
You cover ground extremely quickly.
You need consume almost no food.
You are partially covered in molten scales (AC +1).
You evolve.


Message History

The spray of energy hits the Brimstone Fiend.
The Brimstone Fiend is moderately wounded.
The Brimstone Fiend completely misses you.
The Brimstone Fiend closely misses you. x2
Unknown command.
You enter the shallow water.
Moving in this stuff is going to be slow.
The Brimstone Fiend gestures at you.
The hellfire explodes!
The blast of hellfire engulfs you!
Ouch! That really hurt!
* * * LOW HITPOINT WARNING * * *
You emit a cloud of dark smoke.
Drink which item? (? for menu, Esc to quit)
You feel much better.
You are engulfed in a cloud of scalding steam.
* * * LOW HITPOINT WARNING * * *
You emit a cloud of dark smoke.
The Brimstone Fiend gestures at you.
The hellfire explodes!
The blast of hellfire engulfs you!
You die...

#.###############..###.########**
..#___#__[#__##!#∩##.1..1.#...#*,
..#)..#..)#._#.........##.#§)§##≈
..###+#+###+##...)....###.#§§§§≈≈
..#..........#..)).....##.#§§§##≈
..'.⌠........#...#...#.##.1.§.#*,
..#...######'#§####.###########**
..#.⌠.#__#...#1##################
..#...#__#...#§§@§≈+.#.+)..+.#.#.
..#+###__#...#§#§§§#.#.#(..##.#.#
..#.))#__#...'.#§§.#.#.#(..#.#.#.
..#___#__+...#.#§)§#...#..)##.#.#
▓▓▓▓▓▓▓▓▓▓▓▓▓▓▓▓▓▓▓▓▓▓▓▓▓▓▓#.#.#.
♣.....♣♣♣♣≈≈≈........≈≈≈...##.#.#
♣.≈≈≈≈+♣♣+♣≈≈≈≈≈≈≈≈≈≈≈≈♣♣P.+.#.#.
+.....#.≈♣♣♣♣♣♣♣♣♣♣♣♣♣♣♣♣PP##.#.#
♣♣♣♣♣♣#..♣♣ ♣♣♣##+###


You could see a Brimstone Fiend.

Vanquished Creatures
  the Lernaean hydra (D)
  Rupert (D)
  Gastronok (D)
  Polyphemus (D)
  Maud (D)
  Ilsuiw (D)
  2 dire elephants (D)
  A merfolk javelineer (D)
  3 hydras (D)
  Erica (D)
  A centaur warrior (D)
  4 death yaks (D)
  2 orc high priests (D)
  2 deep elf knights (D)
  A death drake (D)
  An unseen horror (D)
  A sea snake (D)
  A swamp dragon (D)
  A spriggan druid (D)
  A lindwurm (D)
  4 deep elf magi (D)
  2 elephants (D)
  2 black mambas (D)
  2 spiny frogs (D)
  A komodo dragon (D)
  A fire drake (D)
  3 wandering mushrooms (D)
  2 giant leeches (D)
  8 blink frogs (D)
  3 redbacks (D)
  2 spriggans (D)
  A shadow (D)
  A spatial vortex (D)
  3 swamp drakes (D)
  A necrophage (D)
  2 centaurs (D)
  An earth elemental (D)
  A water elemental (D)
  32 killer bees (D)
  An electric eel (D)
  A jelly (D)
  3 orc wizards (D)
  3 orc priests (D)
  A wizard (D)
  Jessica (D)
  A necromancer (D)
  3 sheep (D)
  3 humans (D)
  A kobold demonologist (D)
  2 oozes (D)
  A phantom (D)
  6 orcs (D)
  A plant (D)
128 creatures vanquished.

Vanquished Creatures (collateral kills)
  An orc sorcerer (D)
  3 orc priests (D)
4 creatures vanquished.

Vanquished Creatures (others)
  2 draconian scorchers (D)
  A yaktaur (D)
  A queen bee (D)
  4 plants (D)
8 creatures vanquished.

Grand Total: 140 creatures vanquished

Notes
Turn   | Place    | Note
--------------------------------------------------------------
     0 | D        | Kidiri the Spriggan Enchanter began the quest for the Orb.
     0 | D        | Reached XP level 1. HP: 9/9 MP: 5/5
    11 | D        | Reached skill level 5 in Stealth
    13 | D        | Reached skill level 1 in Fighting
    13 | D        | Reached XP level 2. HP: 12/14 MP: 7/7
    17 | D        | Learned a level 2 spell: Ensorcelled Hibernation
    34 | D        | Killed a yaktaur
    68 | D        | Noticed Jessica
    75 | D        | Killed Jessica
    75 | D        | Reached skill level 6 in Stealth
    75 | D        | Reached XP level 3. HP: 6/18 MP: 3/9
    80 | D        | Learned a level 3 spell: Confuse
    84 | D        | Learned a level 3 spell: Dazzling Spray
   174 | D        | Killed a white draconian scorcher
   260 | D        | Killed a white draconian scorcher
   391 | D        | Reached skill level 1 in Armour
   391 | D        | Reached skill level 5 in Dodging
   391 | D        | Reached skill level 1 in Ice Magic
   429 | D        | Gained mutation: Your flesh is heat resistant. [potion of mutation]
   429 | D        | Gained mutation: You evolve. [potion of mutation]
   429 | D        | Gained mutation: You have an increased reservoir of magic (+10% MP). [potion of mutation]
   430 | D        | Gained mutation: Your system is resistant to poisons. [potion of mutation]
   430 | D        | Gained mutation: You are partially covered in molten scales (AC +1). [potion of mutation]
   431 | D        | Gained mutation: You are robust (+10% HP). [potion of mutation]
   443 | D        | Noticed a water elemental
   518 | D        | Killed a water elemental
   518 | D        | Reached skill level 7 in Stealth
   518 | D        | Reached skill level 5 in Spellcasting
   518 | D        | Reached skill level 1 in Conjurations
   518 | D        | Reached XP level 4. HP: 9/25 MP: 1/13
   703 | D        | Learned a level 3 spell: Tukima's Dance
   749 | D        | Noticed a shadow
   777 | D        | Killed a shadow
   777 | D        | Reached skill level 5 in Short Blades
   777 | D        | Reached skill level 8 in Stealth
   777 | D        | Reached skill level 5 in Hexes
   777 | D        | Reached XP level 5. HP: 15/29 MP: 0/16
   962 | D        | Reached skill level 9 in Stealth
   962 | D        | Reached XP level 6. HP: 35/35 MP: 13/18
   995 | D        | Found an oddly glowing altar of Pakellas.
   995 | D        | Found a stormy altar of Qazlal.
   996 | D        | Found a sacrificial altar of Ru.
   996 | D        | Found a burning altar of Makhleb.
   996 | D        | Found a viscous altar of Jiyva.
   996 | D        | Found a shimmering altar of Xom.
   996 | D        | Found a shadowy altar of Dithmenos.
   996 | D        | Found a sparkling altar of Nemelex Xobeh.
   996 | D        | Found a corrupted altar of Lugonu.
   996 | D        | Found an opulent altar of Gozag.
   996 | D        | Noticed a spatial vortex
  1211 | D        | Became a worshipper of Dithmenos the Shadowed
  1238 | D        | Killed a spatial vortex
  1238 | D        | Reached skill level 1 in Invocations
  1360 | D        | Found a radiant altar of Vehumet.
  1361 | D        | Found a deep blue altar of Sif Muna.
  1361 | D        | Found an ancient bone altar of Kikubaaqudgha.
  1364 | D        | Reached * piety under Dithmenos
  1379 | D        | Learned a level 6 spell: Iron Shot
  1389 | D        | Found a glowing silver altar of Zin.
  1390 | D        | Found a glowing golden altar of the Shining One.
  1390 | D        | Found a white marble altar of Elyvilon.
  1390 | D        | Noticed a deep elf mage
  1392 | D        | Killed a deep elf mage
  1392 | D        | Reached skill level 10 in Stealth
  1392 | D        | Reached skill level 1 in Earth Magic
  1392 | D        | Reached XP level 7. HP: 38/40 MP: 19/21
  1412 | D        | Found an iron altar of Okawaru.
  1413 | D        | Found a bloodstained altar of Trog.
  1413 | D        | Noticed a human
  1413 | D        | Noticed a human
  1415 | D        | Killed a human
  1415 | D        | Reached skill level 10 in Dodging
  1415 | D        | Reached skill level 11 in Stealth
  1416 | D        | Killed a human
  1416 | D        | Reached ** piety under Dithmenos
  1416 | D        | Reached XP level 8. HP: 46/46 MP: 21/23
  1431 | D        | Found a snail-covered altar of Cheibriados.
  1432 | D        | Found a basalt altar of Yredelemnul.
  1432 | D        | Found a blossoming altar of Fedhas.
  1452 | D        | Noticed Erica
  1454 | D        | Killed Erica
  1454 | D        | Reached skill level 12 in Stealth
  1469 | D        | Noticed a centaur warrior
  1474 | D        | Reached XP level 9. HP: 50/50 MP: 15/26
  1478 | D        | Reached *** piety under Dithmenos
  1481 | D        | Killed a centaur warrior
  1481 | D        | Reached skill level 13 in Stealth
  1481 | D        | Reached skill level 10 in Spellcasting
  1508 | D        | Learned a level 9 spell: Shatter
  1599 | D        | Noticed an unseen horror
  1604 | D        | Killed an unseen horror
  1604 | D        | Reached skill level 5 in Fighting
  1632 | D        | Noticed a queen bee
  1641 | D        | Reached **** piety under Dithmenos
  1655 | D        | Reached ***** piety under Dithmenos
  1683 | D        | Reached skill level 5 in Ice Magic
  1698 | D        | Killed a queen bee
  1714 | D        | Reached XP level 10. HP: 39/56 MP: 2/28
  1870 | D        | Reached ****** piety under Dithmenos
  1874 | D        | Reached skill level 14 in Stealth
  2039 | D        | Reached skill level 10 in Short Blades
  2185 | D        | Reached skill level 5 in Armour
  2354 | D        | Noticed a spiny frog
  2354 | D        | Noticed a spiny frog
  2357 | D        | Killed a spiny frog
  2357 | D        | Reached skill level 5 in Conjurations
  2359 | D        | Killed a spiny frog
  2371 | D        | Reached skill level 5 in Earth Magic
  2383 | D        | Reached skill level 15 in Stealth
  2429 | D        | Noticed a lindwurm
  2432 | D        | Killed a lindwurm
  2510 | D        | Noticed Maud
  2513 | D        | Killed Maud
  2513 | D        | Reached XP level 11. HP: 61/61 MP: 26/31
  2537 | D        | Noticed a six-headed hydra
  2537 | D        | Noticed an eight-headed hydra
  2549 | D        | Killed an eight-headed hydra
  2549 | D        | Reached skill level 16 in Stealth
  2549 | D        | Reached skill level 10 in Hexes
  2560 | D        | Killed a six-headed hydra
  2560 | D        | Reached skill level 15 in Dodging
  2629 | D        | Noticed a death drake
  2631 | D        | Killed a death drake
  2639 | D        | Found a blossoming altar of Fedhas.
  2639 | D        | Noticed a spriggan druid
  2647 | D        | Killed a spriggan druid
  2674 | D        | Noticed a sea snake
  2688 | D        | Killed a sea snake
  2909 | D        | Noticed a swamp dragon
  2909 | D        | Found Buir's Antique Weapon Emporium.
  2911 | D        | Found Ellae's Book Shop.
  2911 | D        | Found Dairroxo's Food Shoppe.
  2912 | D        | Killed a swamp dragon
  2953 | D        | Noticed a four-headed hydra
  2953 | D        | Noticed the 27-headed Lernaean hydra
  2955 | D        | Killed the 27-headed Lernaean hydra
  2955 | D        | Reached skill level 17 in Stealth
  2955 | D        | Reached XP level 12. HP: 69/69 MP: 28/34
  2958 | D        | Killed a four-headed hydra
  2965 | D        | Got a decaying rune of Zot
  3056 | D        | Reached skill level 18 in Stealth
  3104 | D        | Noticed Rupert
  3109 | D        | Killed Rupert
  3133 | D        | Noticed a death yak
  3134 | D        | Noticed a death yak
  3135 | D        | Killed a death yak
  3135 | D        | Reached skill level 15 in Spellcasting
  3136 | D        | Noticed an azure jelly
  3136 | D        | Noticed a death yak
  3136 | D        | Noticed an azure jelly
  3136 | D        | Noticed a death yak
  3137 | D        | Killed a death yak
  3140 | D        | Killed a death yak
  3142 | D        | Killed a death yak
  3147 | D        | Reached skill level 19 in Stealth
  3220 | D        | Noticed Polyphemus
  3221 | D        | Noticed Ilsuiw
  3222 | D        | Killed Polyphemus
  3228 | D        | Killed Ilsuiw
  3228 | D        | Reached XP level 13. HP: 74/74 MP: 28/36
  3264 | D        | Found Xuybau's Antique Weapon Shoppe.
  3264 | D        | Found Gimp's Magic Scroll Boutique.
  3264 | D        | Found Irarem's Book Emporium.
  3264 | D        | Noticed a merfolk javelineer
  3266 | D        | Killed a merfolk javelineer
  3280 | D        | Got a barnacled rune of Zot
  3353 | D        | Noticed an azure jelly
  3353 | D        | Noticed an azure jelly
  3354 | D        | Noticed a dire elephant
  3354 | D        | Noticed a dire elephant
  3354 | D        | Noticed Gastronok
  3711 | D        | Killed a dire elephant
  3718 | D        | Killed a dire elephant
  3780 | D        | Killed Gastronok
  3780 | D        | Reached skill level 20 in Stealth
  4112 | D        | Found Vulewe's Distillery.
  4296 | D        | Bought a potion of curing for 36 gold pieces
  4296 | D        | Bought a potion of magic for 96 gold pieces
  4296 | D        | Bought a potion of curing for 36 gold pieces
  4296 | D        | Bought a potion of cure mutation for 300 gold pieces
  4296 | D        | Lost mutation: You are robust (+10% HP). [potion of cure mutation]
  4296 | D        | Lost mutation: Your flesh is heat resistant. [potion of cure mutation]
  4296 | D        | Lost mutation: You have an increased reservoir of magic (+10% MP). [potion of cure mutation]
  4296 | D        | Lost mutation: Your system is resistant to poisons. [potion of cure mutation]
  4646 | D        | Bought a scroll of identify for 26 gold pieces
  4646 | D        | Bought a scroll of identify for 26 gold pieces
  4646 | D        | Bought a scroll of magic mapping for 45 gold pieces
  4646 | D        | Bought a scroll of identify for 26 gold pieces
  4646 | D        | Bought a scroll of identify for 26 gold pieces
  4649 | D        | Bought a book of Dreams for 975 gold pieces
  4656 | D        | Learned a level 6 spell: Darkness
  4663 | D        | Learned a level 6 spell: Mass Confusion
  4666 | D        | Bought a book of Minor Magic for 260 gold pieces
  4669 | D        | Learned a level 2 spell: Slow
  4673 | D        | Learned a level 3 spell: Mephitic Cloud
  4783 | D        | Bought a book of the Tempests for 770 gold pieces
  5019 | D        | Noticed a deep elf demonologist
  5023 | D        | Reached skill level 1 in Poison Magic
  5027 | D        | Reached skill level 15 in Short Blades
  5027 | D        | Reached skill level 1 in Air Magic
  5029 | D        | Noticed a deep elf demonologist
  5032 | D        | Noticed a Brimstone Fiend
  5070 | D        | Killed from afar by a Brimstone Fiend

Vault maps used:
D:        dungeon_sprint_mu

Action                   |  1- 3 |  4- 6 |  7- 9 | 10-12 | 13-15 || total
-------------------------+-------+-------+-------+-------+-------++-------
Melee: Dagger            |    28 |    27 |    69 |   217 |    52 ||   393
 Cast: Ensorcelled Hiber |     4 |     2 |    13 |    30 |    10 ||    59
       Dazzling Spray    |     4 |    12 |     9 |    20 |    34 ||    79
       Confuse           |     2 |       |    11 |     4 |     2 ||    19
       Tukima's Dance    |       |       |       |       |     4 ||     4
Invok: Shadow Step       |       |       |       |    14 |     2 ||    16
  Use: Potion            |     4 |       |     1 |       |     3 ||     8
       Scroll            |     2 |       |       |       |     4 ||     6
 Stab: Sleeping          |     4 |     4 |    13 |    51 |    12 ||    84
       Confused          |       |       |     9 |     3 |     1 ||    13
       Invisible         |       |       |     2 |       |     6 ||     8
  Eat: Bread ration      |       |     1 |       |       |       ||     1
